 Dungeon Crawl Stone Soup version 0.32-a0-571-gec57dfcd37 (webtiles) character file.

Game seed: 7161928477113279253

116 CougarLife the Digger (level 5, -4/28 HPs)
             Began as a Gargoyle Earth Elementalist on Mar 1, 2024.
             Killed from afar by an orc wizard (7 damage)
             ... with a magic dart
             ... on level 4 of the Dungeon.
             The game lasted 00:01:47 (2564 turns).

CougarLife the Digger (Gargoyle Earth Elementalist) Turns: 2564, Time: 00:01:47

Health: -4/28      AC:  8    Str: 12    XL:     5   Next: 0%
Magic:  3/9        EV: 11    Int: 17    God:
Gold:   250        SH:  0    Dex: 10    Spells: 6/10 levels left

rFire   . . .        c - +0 dagger
rCold   . . .        (no shield)
rNeg    + . .        a - +0 robe
rPois   ∞            (no helmet)
rElec   +            (no cloak)
rCorr   .            q - +0 pair of gloves
SInv    .            h - +0 pair of boots
Will    .....        (no amulet)
Stlth   ++           (no ring)
HPRegen 0.24/turn    (no ring)
MPRegen 0.11/turn

%: no passive effects
@: no status effects
A: sickness immunity, AC +4, negative energy resistance 1, electricity
resistance, torment resistance 1, petrification resistance
a: no special abilities


You were on level 4 of the Dungeon.
You visited 1 branch of the dungeon, and saw 4 of its levels.

You collected 250 gold pieces.

Inventory:

Hand Weapons
 c - a +0 dagger (weapon)
Missiles
 l - 3 throwing nets
Armour
 a - a +0 robe (worn)
 h - a +0 pair of boots (worn)
 q - a +0 pair of gloves (worn)
Scrolls
 e - a scroll of immolation {unknown}
 f - 3 scrolls of poison {unknown}
 i - a scroll of summoning {unknown}
 k - a scroll of enchant armour {unknown}
 m - 2 scrolls of amnesia {unknown}
 n - 2 scrolls of vulnerability {unknown}
 o - a scroll of silence {unknown}
 p - a scroll of fog {unknown}
Potions
 b - a potion of magic
 d - 3 potions of lignification {unknown}
 g - a potion of might {unknown}
 j - a potion of curing {unknown}
 r - a potion of degeneration {unknown}
 s - a potion of heal wounds {unknown}


   Skills:
 - Level 1.5 Dodging
 - Level 2.1 Stealth
 + Level 3.1 Spellcasting
 + Level 3.0 Conjurations
 + Level 4.8 Earth Magic


You had 6 spell levels left.
You knew the following spells:

 Your Spells              Type           Power      Damage    Failure   Level
a - Sandblast             Erth           38%        2d10      2%          1
b - Stone Arrow           Conj/Erth      30%        3d8       11%         3

Your spell library contained the following spells:

 Spells                   Type           Power      Damage    Failure   Level
 Passwall                 Erth           19%        N/A       7%          3
 Brom's Barrelling Bould  Conj/Erth      15%        2d4       34%         4
 Petrify                  Alch/Erth      10%        N/A       54%         4


Dungeon Overview and Level Annotations

Branches:
Dungeon (4/15)
 Temple: D:4-7

Altars:
Gozag
Makhleb
The Shining One


Innate Abilities, Weirdness & Mutations

You are immune to sickness and miasma.
Your stone body is resilient. (AC +4)
You are immune to poison.
You resist negative energy. (rN+)
You are resistant to electric shocks. (rElec)
You are resistant to unholy torment.
You are immune to petrification.


Message History

Your Spellcasting skill increases to level 3!
Casting: Sandblast (safe; 2% risk of failure)
Confirm with . or Enter, or press ? or * to list all spells.
Aiming: Sandblast (safe; 2% risk of failure)
Press: ? - help, Shift-Dir - straight line, f/p - orc priest
Aim: an orc priest, wielding a +0 flail (82% to hit)
The blast of sand hits the orc priest.
The orc priest is moderately wounded.
Casting: Sandblast (safe; 2% risk of failure)
Confirm with . or Enter, or press ? or * to list all spells.
Aiming: Sandblast (safe; 2% risk of failure)
Press: ? - help, Shift-Dir - straight line, f/p - orc priest
Aim: an orc priest, wielding a +0 flail (moderately wounded, 82% to hit)
The blast of sand misses the orc wizard.
The blast of sand hits the orc priest!
You kill the orc priest!
The orc wizard hits you with a +0 dagger.
The orc wizard gestures at you while chanting.
The magic dart hits you!
* * * LOW HITPOINT WARNING * * *
Your Conjurations skill increases to level 3!
You have reached level 5!
Casting: Sandblast (safe; 2% risk of failure)
Confirm with . or Enter, or press ? or * to list all spells.
Aiming: Sandblast (safe; 2% risk of failure)
Press: ? - help, Shift-Dir - straight line, f - orc wizard
Aim: an orc wizard, wielding a +0 dagger and wearing a +0 robe (77% to hit)
The blast of sand hits the orc wizard.
The orc wizard is lightly wounded.
The orc wizard barely misses you.
Casting: Sandblast (safe; 2% risk of failure)
Confirm with . or Enter, or press ? or * to list all spells.
Aiming: Sandblast (safe; 2% risk of failure)
Press: ? - help, Shift-Dir - straight line, f/p - orc wizard
Aim: an orc wizard, wielding a +0 dagger and wearing a +0 robe (lightly wounded, 77% to hit)
The blast of sand misses the orc wizard.
The orc wizard hits you but does no damage.
The orc wizard gestures at you while chanting.
The magic dart hits you!
You die...

.......... ........
............####........
.... .........##........
.....###......##........
......+....<...# #.......
......##..)....###.......
.........)...............
...<.....o...............
........@####............
.........# #..........)#
.........# #...........#
.........## #...........#
..........# #...........#
..........# #...........#
#########.# #.........=.#
#.# ############# #.#


You could see an orc wizard.

Vanquished Creatures
  An orc priest (D:4)
  3 gnolls (D:3)
  An adder (D:3)
  A dart slug (D:1)
  3 orcs
  3 ball pythons
  9 bats
  4 endoplasms
  A giant cockroach (D:1)
  2 goblins (D:1)
  4 hobgoblins
  4 kobolds
  A quokka (D:1)
  A frilled lizard (D:1)
  7 rats
45 creatures vanquished.

Notes
Turn   | Place    | Note
-------+----------+-------------------------------------------
     0 | D:1      | CougarLife the Gargoyle Earth Elementalist began the quest
                  | for the Orb.
     0 | D:1      | Reached XP level 1. HP: 10/10 MP: 3/3
   166 | D:1      | Reached XP level 2. HP: 15/15 MP: 3/5
   319 | D:1      | Reached skill level 4 in Earth Magic
   665 | D:1      | Reached XP level 3. HP: 19/19 MP: 4/6
   857 | D:1      | Learned a level 3 spell: Stone Arrow
  1812 | D:3      | Found a glowing golden altar of the Shining One.
  2010 | D:3      | Found an opulent altar of Gozag.
  2010 | D:3      | Found a burning altar of Makhleb.
  2047 | D:3      | Reached XP level 4. HP: 24/24 MP: 1/8
  2563 | D:4      | Reached XP level 5. HP: 2/28 MP: 5/9
  2564 | D:4      | Killed from afar by an orc wizard

Illustrated notes

Levels and vault maps discovered:
D:1:      minmay_arrival_jagged, layout_loops_cross
D:2:      layout_basic, minmay_misc_feat_encased, grunt_ministairs_2
D:3:      layout_rooms, mainiacjoe_overflow_cross_hatched,
          nicolae_overflow_two_pavilions, chequers_mini_garden
D:4:      layout_basic, mainiacjoe_overflow_small_starburst,
          minmay_overflow_temple_star_hex, st_stairs_14, uniq_grinder

Skill      XL: |  1  2  3  4 |
---------------+-------------+-----
Earth Magic    | 4 |  4.8
Conjurations   | 2 3 |  3.0
Spellcasting   | 3 |  3.1
Dodging        | |  1.5
Stealth        | |  2.1

Action                     |  1- 3 |  4- 6 || total
---------------------------+-------+-------++-------
  Melee: Unarmed           |     1 |       ||     1
         Dagger            |     5 |       ||     5
   Cast: Sandblast         |    48 |    16 ||    64
 Armour: Robe              |    10 |     9 ||    19
  Dodge: Dodged            |    11 |     4 ||    15

Table legend: (Time is in decaauts)
 A = Elapsed time spent in this place.
 B = Non-inter-level travel time spent in this place.
 C = Inter-level travel time spent in this place.
 D = Time resting spent in this place.
 E = Time spent auto-exploring this place.
 F = Levels seen in this place.
 G = Mean time per level.
                   A        B        C        D        E       F      G
               +--------+--------+--------+--------+--------+-----+--------+
         Total |   2594 |   2480 |    114 |    150 |   2023 |   4 |  648.5 |
       Dungeon |   2594 |   2480 |    114 |    150 |   2023 |   4 |  648.5 |
               +--------+--------+--------+--------+--------+-----+--------+

Top non-repeatable levels by time:
     D:2: 892 daAuts
     D:1: 871 daAuts
     D:3: 686 daAuts
     D:4: 144 daAuts
